 Dungeon Crawl Stone Soup version 0.30.1-11-g7821555f0a (webtiles) character file.

Game seed: 4382684547062706724

91 LSt the Chopper (level 4, 0/40 HPs)
             Began as a Minotaur Fighter on Dec 13, 2023.
             Slain by an orc priest
             ... wielding a +2 short sword of flaming
              (3 damage)
             ... on level 3 of the Dungeon.
             The game lasted 00:06:52 (1950 turns).

LSt the Chopper (Minotaur Fighter)                  Turns: 1950, Time: 00:06:53

Health: 0/40       AC:  6    Str: 22    XL:     4   Next: 34%
Magic:  3/3        EV:  9    Int:  5    God:
Gold:   215        SH:  4    Dex: 10    Spells: 3/3 levels left

rFire   . . .        a - +0 war axe
rCold   . . .        c - +0 buckler
rNeg    . . .        b - +0 scale mail
rPois   .            (helmet restricted)
rElec   .            (no cloak)
rCorr   .            (no gloves)
SInv    .            (no boots)
Will    .....        (no amulet) Stlth
                     (no ring)
HPRegen 0.26/turn    (no ring)
MPRegen 0.08/turn

%: no passive effects
@: no status effects
A: horns 2, retaliatory headbutt
a: no special abilities


You were on level 3 of the Dungeon.
You visited 1 branch of the dungeon, and saw 3 of its levels.

You collected 215 gold pieces.

Inventory:

Hand Weapons
 a - a +0 war axe (weapon)
 e - a +0 sling
 p - a +0 spear of flaming
Missiles
 f - 20 stones (quivered)
 q - 6 boomerangs
Armour
 b - a +0 scale mail (worn)
 c - a +0 buckler (worn)
Jewellery
 k - an amulet of faith
Wands
 n - a wand of flame (4)
 w - a wand of mindburst (14)
Scrolls
 g - a scroll of fog {unknown}
 j - a scroll of brand weapon {unknown}
 l - 2 scrolls of noise
 o - a scroll of poison
 s - a scroll of vulnerability {unknown}
 t - a scroll of blinking {unknown}
 x - a scroll of fear {unknown}
Potions
 d - a potion of might
 h - a potion of ambrosia
 i - a potion of magic {unknown}
 m - 2 potions of lignification
 r - a potion of attraction {unknown}
 u - a potion of cancellation {unknown}
 v - a potion of haste {unknown}


   Skills:
 + Level 4.0 Fighting
 + Level 5.3 Axes
 - Level 3.6 Armour
 - Level 3.6 Shields


You had 3 spell levels left.
You didn't know any spells.
Your spell library contained the following spells:

 Spells                   Type           Power      Damage    Failure   Level
 Magic Dart               Conj           0%         1d3       86%         1
 Sandblast                Erth           0%         2d4       86%         1
 Call Imp                 Summ           0%         N/A       95%         2
 Passwall                 Tmut/Erth      0%         N/A       95%         2
 Mephitic Cloud           Conj/Pois/Air  0%         N/A       99%         3
 Stone Arrow              Conj/Erth      0%         3d7       99%         3


Dungeon Overview and Level Annotations

Branches:
Dungeon (3/15)

Altars:
Qazlal


Innate Abilities, Weirdness & Mutations

You have a pair of horns on your head.
You reflexively headbutt those who attack you in melee.


Message History

The orc priest shouts!
The orc priest looks satisfied for a moment.
You hit the orc priest.
The orc priest is heavily wounded.
The orc priest closely misses you.
You barely miss the orc priest.
The orc priest is heavily wounded.
The orc priest calls down the wrath of Beogh upon you.
Pain shoots through your body!
You closely miss the orc priest. Your headbutt misses the orc priest.
The orc priest is heavily wounded.
The orc priest barely misses you.
You hit the orc priest. You headbutt the orc priest!
You kill the orc priest!
The orc priest calls down the wrath of Beogh upon you.
Beogh smites you!
* * * LOW HITPOINT WARNING * * *
Your Fighting skill increases to level 4!
You have reached level 4!
You feel agile.
The orc priest looks braver for a moment.
Things that are here:
a +0 whip; an orc corpse The orc priest hits you with a +2 short sword of flaming.
* * * LOW HITPOINT WARNING * * *
The orc priest burns you.
* * * LOW HITPOINT WARNING * * *
You hit the orc priest.
The orc priest is moderately wounded.
The orc priest barely misses you.
You closely miss the orc priest.
The orc priest is moderately wounded.
The orc priest hits you with a +2 short sword of flaming.
* * * LOW HITPOINT WARNING * * *
The orc priest burns you.
* * * LOW HITPOINT WARNING * * *
You closely miss the orc priest. Your headbutt misses the orc priest.
The orc priest is moderately wounded.
The orc priest hits you with a +2 short sword of flaming.
You die...

#.# #.# .# #.# .#
#.# .#
#######.#######
.#
...>..........#
.#
#######.#####.#
.# ##
#.#####)###.#...#
#>.......)@o.#
#######......#
######.# #.. #.#
.# #


You could see an orc priest.

Vanquished Creatures
  An orc priest (D:3)
  A worm (D:2)
  3 dart slugs
  An orc (D:3)
  3 bats
  5 endoplasms
  2 giant cockroaches (D:1)
  4 goblins
  5 hobgoblins
  7 kobolds
  6 ball pythons
  5 frilled lizards
  11 rats
54 creatures vanquished.

Notes
Turn   | Place    | Note
-------+----------+-------------------------------------------
     0 | D:1      | LSt the Minotaur Fighter began the quest for the Orb.
     0 | D:1      | Reached XP level 1. HP: 19/19 MP: 0/0
   138 | D:1      | Reached skill level 3 in Axes
   237 | D:1      | Reached XP level 2. HP: 21/26 MP: 1/1
   371 | D:1      | Found a faded altar of an unknown god.
   440 | D:1      | Reached skill level 4 in Axes
   932 | D:2      | Reached XP level 3. HP: 31/31 MP: 2/2
  1742 | D:3      | Reached skill level 5 in Axes
  1806 | D:3      | Found a stormy altar of Qazlal.
  1946 | D:3      | Reached XP level 4. HP: 11/40 MP: 3/3
  1950 | D:3      | Slain by an orc priest

Illustrated notes

Levels and vault maps discovered:
D:1:      saegor_arrival_simple_a, layout_basic,
          chequers_ecumenical_altar_simple, minmay_gold_behind_fungi,
          minivault_24, minmay_misc_feat_tower, corner_web_ring
D:2:      layout_basic
D:3:      layout_loops_ring, nicolae_qazlal_eye_of_the_storm,
          uniq_crazy_yiuf_cottage

Skill      XL: |  1  2  3 |
---------------+----------+-----
Axes           | 3 4 5 |  5.3
Fighting       | 4 |  4.0
Armour         | |  3.6
Shields        | |  3.6

Action                     |  1- 3 |  4- 6 || total
---------------------------+-------+-------++-------
  Melee: War axe           |    89 |     3 ||    92
         Headbutt          |    11 |       ||    11
    Use: Scroll            |     5 |       ||     5
 Armour: Scale mail        |    26 |       ||    26
  Dodge: Dodged            |    22 |     1 ||    23
  Block: Buckler           |    11 |       ||    11
